 Dungeon Crawl Stone Soup version 0.30-a0-777-ga9a30cbeda (webtiles) character file.

Game seed: 18345794425188806427

103 Querens the Shooter (level 4, 0/31 HPs)
             Began as a Spriggan Hexslinger on Feb 14, 2023.
             Slain by Natasha (4 damage)
             ... on level 2 of the Dungeon.
             The game lasted 00:03:06 (704 turns).

Querens the Shooter (Spriggan Hexslinger)            Turns: 704, Time: 00:03:07

Health: 0/31       AC: 22    Str:  6    XL:     4   Next: 51%
Magic:  1/7        EV:  4    Int: 14    God:
Gold:   74         SH:  0    Dex: 17    Spells: 4/5 levels left

rFire   . . .      SeeInvis +    a - +1 sling
rCold   . . .      Faith    .    (no shield)
rNeg    . . .      Spirit   .    (body armour currently unavailable)
rPois   +          Reflect  .    (helmet currently unavailable)
rElec   .          Harm     .    (cloak currently unavailable)
rCorr   .          Rampage  .    (gloves unavailable)
Will    .....      NoTele   +    (boots unavailable)
Stlth   ++                       (no amulet)
HPRegen 0.25/turn                (no ring)
MPRegen 0.10/turn                (no ring)

@: tree-form, very slightly contaminated, slowed, very slow
A: stationary, stasis, torment immunity, boosted hp, very small, no large
weapons, unfitting armour, see invisible, (speed 3)
a: no special abilities


You were on level 2 of the Dungeon.
You were a tree.
You visited 1 branch of the dungeon, and saw 2 of its levels.

You collected 74 gold pieces.

Inventory:

Hand Weapons
 a - a +1 sling (weapon)
Armour
 c - a +0 robe (melded)
 f - a +0 cloak (melded)
Scrolls
 b - a scroll of poison
 d - a scroll of enchant weapon {unknown}
 g - a scroll of blinking {unknown}
 h - a scroll of teleportation {unknown}
 j - a scroll of vulnerability {unknown}
 k - 2 scrolls of magic mapping {unknown}
Potions
 e - a potion of lignification
 l - a potion of attraction {unknown}


   Skills:
 - Level 0.7 Fighting
 + Level 4.8 Ranged Weapons
 - Level 2.6 Dodging
 - Level 1.3 Spellcasting
 - Level 3.6 Hexes


You had 4 spell levels left.
You knew the following spells:

 Your Spells              Type           Power      Damage    Failure   Level
a - Slow                  Hex            44%        N/A       6%          1

Your spell library contained the following spells:

 Spells                   Type           Power      Damage    Failure   Level
 Inner Flame              Hex/Fire       6%         N/A       36%         3
 Portal Projectile        Hex/Tloc       12%        N/A       36%         3
 Cause Fear               Hex            5%         N/A       50%         4


Dungeon Overview and Level Annotations

Branches:
Dungeon (2/15)

Altars:

Annotations:
D:2 Natasha


Innate Abilities, Weirdness & Mutations

You are a tree.
Your roots penetrate the ground, keeping you stationary.
You cannot be teleported.
You are immune to unholy pain and torment.
Your maximum health is greatly increased.
Your equipment is partially melded.
You are very small and have problems with some larger weapons.
You are too small for most types of armour.
You have supernaturally acute eyesight. (SInv)
((You cover ground extremely quickly. (Speed+++)))


Message History

Natasha resists with some effort.
Natasha claws you but does no damage.
The iron imp hits you but does no damage.
The shadow imp hits you but does no damage.
You don't have enough magic to cast this spell.
Unknown command.
Fire: a) +1 sling
Press: ? - help, Shift-Dir - straight line, f/p - Natasha
Aim: Natasha (moderately wounded, fast, slow, 53% to hit)
You shoot a sling bullet. The sling bullet hits Natasha!
Natasha is severely wounded.
Natasha claws you but does no damage.
The iron imp hits you but does no damage.
The shadow imp hits you but does no damage.
Fire: a) +1 sling
Press: ? - help, Shift-Dir - straight line, f/p - Natasha
Aim: Natasha (severely wounded, fast, slow, 53% to hit)
You shoot a sling bullet.
The sling bullet closely misses Natasha.
Natasha casts a spell at you.
You feel yourself slow down. The shadow imp hits you.
* * * LOW HITPOINT WARNING * * *
The iron imp shouts, "Succumb, thou baffled fat-kidneyed bladder!"
The iron imp barely misses you. Natasha claws you.
* * * LOW HITPOINT WARNING * * *
Fire: a) +1 sling
Press: ? - help, Shift-Dir - straight line, f/p - Natasha
Aim: Natasha (severely wounded, fast, slow, 53% to hit)
You shoot a sling bullet.
The sling bullet completely misses Natasha.
The shadow imp barely misses you. The iron imp completely misses you.
Natasha claws you.
* * * LOW HITPOINT WARNING * * *
The shadow imp barely misses you.
Fire: a) +1 sling
Press: ? - help, Shift-Dir - straight line, f/p - Natasha
Aim: Natasha (severely wounded, fast, slow, 53% to hit)
You shoot a sling bullet. The sling bullet misses Natasha.
Natasha is no longer moving slowly.
Natasha claws you.
You die...

#. #.# # #.#
#. #.# # #.#
#.##.# # #.#
#....### #.#
##...... #.#
#.##### #.#
#.# #h# #.#
#♣##########.#
#55..........#
##############


You could see an iron imp (summoned), Natasha (fast) and a shadow imp
(summoned).

Vanquished Creatures
  Terence (D:2)
  Natasha (D:2)
  2 worms (D:2)
  A dart slug (D:1)
  4 ball pythons
  10 endoplasms
  5 giant cockroaches
  A goblin (D:1)
  4 hobgoblins (D:1)
  2 quokkas
  4 bats (D:1)
  4 frilled lizards
  2 kobolds (D:2)
  A rat (D:1)
42 creatures vanquished.

Notes
Turn   | Place    | Note
-------+----------+-------------------------------------------
     0 | D:1      | Querens the Spriggan Hexslinger began the quest for the
                  | Orb.
     0 | D:1      | Reached XP level 1. HP: 9/9 MP: 3/3
   107 | D:1      | Reached XP level 2. HP: 14/14 MP: 5/5
   132 | D:1      | Reached skill level 3 in Ranged Weapons
   271 | D:1      | Reached XP level 3. HP: 17/17 MP: 6/6
   508 | D:2      | Noticed Terence
   514 | D:2      | Killed Terence
   515 | D:2      | Reached skill level 4 in Ranged Weapons
   515 | D:2      | Reached XP level 4. HP: 21/21 MP: 7/7
   607 | D:2      | Noticed Natasha
   630 | D:2      | Killed Natasha
   685 | D:2      | Noticed Natasha
   704 | D:2      | Slain by Natasha

Illustrated notes

Levels and vault maps discovered:
D:1:      matt_arrival_diagonals, layout_basic
D:2:      layout_loops_ring, minmay_cut_off, uniq_natasha, uniq_terence

Skill      XL: |  1  2  3 |
---------------+----------+-----
Ranged Weapons | 3 4 |  4.8
Fighting       | |  0.7
Dodging        | |  2.6
Spellcasting   | |  1.3
Hexes          | |  3.6

Action                     |  1- 3 |  4- 6 || total
---------------------------+-------+-------++-------
   Fire: Sling             |   109 |    34 ||   143
   Cast: Slow              |       |     5 ||     5
    Use: Potion            |       |     2 ||     2
 Armour: Robe              |     5 |     1 ||     6
         Skin              |       |    11 ||    11
  Dodge: Dodged            |    39 |    12 ||    51

Table legend: (Time is in decaauts)
 A = Elapsed time spent in this place.
 B = Non-inter-level travel time spent in this place.
 C = Inter-level travel time spent in this place.
 D = Time resting spent in this place.
 E = Time spent auto-exploring this place.
 F = Levels seen in this place.
 G = Mean time per level.
                   A        B        C        D        E       F      G
               +--------+--------+--------+--------+--------+-----+--------+
         Total |    525 |    519 |      6 |      0 |      0 |   2 |  262.5 |
       Dungeon |    525 |    519 |      6 |      0 |      0 |   2 |  262.5 |
               +--------+--------+--------+--------+--------+-----+--------+

Top non-repeatable levels by time:
     D:1: 282 daAuts
     D:2: 243 daAuts
